MWL (24 & UNDER)
BEMIDJI BENDERS @ CINCINNATI PRIDE
07/07/2023
 
TOP OF THE 1ST
Bemidji Benders batting - Pitching for Cincinnati Pride : LHP Weston Harper
Pitching: LHP Weston Harper
Batting: RHB António López 0-0: Ball
1-0: Foul Ball, location: 2F
1-1: Swinging Strike
1-2: Strikes out swinging
Batting: RHB Juan Costello 0-0: Foul Ball, location: 2F
0-1: Ball
1-1: Ball
2-1: Swinging Strike
2-2: Strikes out looking
Batting: SHB Edgardo Osorio 0-0: Ball
1-0: Swinging Strike
1-1: Ball
2-1: Ball
3-1: Foul Ball, location: 2F
3-2: Ground out 6-3 (Groundball, 6)
Top of the 1st over - 0 run(s), 0 hit(s), 0 error(s), 0 left on base; Bemidji 0 - Cincinnati 0
BOTTOM OF THE 1ST
Cincinnati Pride batting - Pitching for Bemidji Benders : LHP Alberto Martínez
Pitching: LHP Alberto Martínez
Batting: SHB Nick Marshall 0-0: DOUBLE (Flyball, 7LS)
Batting: LHB Ricardo Brandariz 0-0: Called Strike
0-1: Called Strike
0-2: Ball
1-2: Fly out, F7 (Flyball, 78M)
Batting: RHB Fernando Díaz 0-0: Called Strike
0-1: Ball
1-1: Ball
2-1: Swinging Strike
2-2: Ball
3-2: Base on Balls
Batting: LHB Robin Hill 0-0: Ball
Fernando Díaz is caught stealing 2nd base
1-0: Swinging Strike
1-1: Ball
2-1: Ball
3-1: SINGLE (Groundball, 6M)
Nick Marshall scores
Batting: RHB Francisco Rincón 0-0: Ball
1-0: Called Strike
1-1: Foul Ball, location: 2F
1-2: Ball
2-2: Foul Ball, location: 2F
2-2: Foul Ball, location: 2F
2-2: Ball
3-2: Foul Ball, location: 2F
3-2: Base on Balls
Robin Hill to second
Batting: RHB Peter Sexton 0-0: Fielders Choice at 2nd, U4 (Groundball, 4M)
Bottom of the 1st over - 1 run(s), 2 hit(s), 0 error(s), 2 left on base; Bemidji 0 - Cincinnati 1
TOP OF THE 2ND
Bemidji Benders batting - Pitching for Cincinnati Pride : LHP Weston Harper
Batting: RHB Alfredo López 0-0: Called Strike
0-1: Ball
1-1: Ball
2-1: Swinging Strike
2-2: Strikes out looking
Batting: RHB Claudio Souza 0-0: Called Strike
0-1: Swinging Strike
0-2: Ball
1-2: Ball
2-2: Foul Ball, location: 2F
2-2: Strikes out swinging
Batting: RHB Roberto Solís 0-0: Ball
1-0: SINGLE (Line Drive, 7S)
Batting: RHB Gabriel Stout 0-0: Foul Ball, location: 2F
0-1: Swinging Strike
0-2: Foul Ball, location: 2F
0-2: Ball
1-2: Ball
2-2: Ball
3-2: Foul Ball, location: 2F
3-2: Base on Balls
Roberto Solís to second
Batting: RHB António Aguilar 0-0: Called Strike
0-1: Swinging Strike
0-2: Foul Ball, location: 2F
0-2: Ground out 5-3 (Groundball, 56S)
Top of the 2nd over - 0 run(s), 1 hit(s), 0 error(s), 2 left on base; Bemidji 0 - Cincinnati 1
BOTTOM OF THE 2ND
Cincinnati Pride batting - Pitching for Bemidji Benders : LHP Alberto Martínez
Batting: RHB Jonas Uttley 0-0: Foul Ball, location: 2F
0-1: Foul Ball, location: 2F
0-2: Ball
1-2: Foul Ball, location: 2F
1-2: Ball
2-2: Strikes out swinging
Batting: RHB Alden Isenhood 0-0: Called Strike
0-1: Called Strike
0-2: Ball
1-2: Fly out, F9 (Flyball, 9S)
Batting: SHB Larry Peterson 0-0: Ball
1-0: Called Strike
1-1: Foul Ball, location: 2F
1-2: Fly out, F9 (Flyball, 89M)
Bottom of the 2nd over - 0 run(s), 0 hit(s), 0 error(s), 0 left on base; Bemidji 0 - Cincinnati 1
TOP OF THE 3RD
Bemidji Benders batting - Pitching for Cincinnati Pride : LHP Weston Harper
Batting: RHB Júlio Sánchez 0-0: Foul Ball, location: 2F
0-1: Ball
1-1: Swinging Strike
1-2: Strikes out swinging
Batting: RHB António López 0-0: Ball
1-0: Called Strike
1-1: Swinging Strike
1-2: Ball
2-2: Ball
3-2: Ground out 1-3 (Groundball, 25)
Batting: RHB Juan Costello 0-0: Called Strike
0-1: Foul Ball, location: 2F
0-2: Ball
1-2: Strikes out swinging
Top of the 3rd over - 0 run(s), 0 hit(s), 0 error(s), 0 left on base; Bemidji 0 - Cincinnati 1
BOTTOM OF THE 3RD
Cincinnati Pride batting - Pitching for Bemidji Benders : LHP Alberto Martínez
Batting: SHB Nick Marshall 0-0: SINGLE (Groundball, 6MD) (infield hit)
Batting: LHB Ricardo Brandariz 0-0: Called Strike
0-1: Ground out 4-3 (Groundball, 4M)
Nick Marshall to second
Batting: RHB Fernando Díaz 0-0: Swinging Strike
0-1: Called Strike
0-2: Ball
1-2: Ball
2-2: Ball
3-2: Foul Ball, location: 2F
3-2: Base on Balls
Batting: LHB Robin Hill 0-0: Ball
1-0: Called Strike
1-1: Swinging Strike
1-2: Ground out 5-3 (Groundball, 56S)
Nick Marshall to third
Fernando Díaz to second
Batting: RHB Francisco Rincón 0-0: Called Strike
0-1: Ground out 6-3 (Groundball, 6)
Bottom of the 3rd over - 0 run(s), 1 hit(s), 0 error(s), 2 left on base; Bemidji 0 - Cincinnati 1
TOP OF THE 4TH
Bemidji Benders batting - Pitching for Cincinnati Pride : LHP Weston Harper
Batting: SHB Edgardo Osorio 0-0: Called Strike
0-1: Ball
1-1: Ball
2-1: Ball
3-1: Base on Balls
Batting: RHB Alfredo López 0-0: Called Strike
0-1: Ball
1-1: SINGLE (Groundball, 6M)
Edgardo Osorio to second
Batting: RHB Claudio Souza 0-0: Ball
1-0: Foul Ball, location: 2F
1-1: Called Strike
1-2: Strikes out swinging
Batting: RHB Roberto Solís 0-0: Ball
1-0: Swinging Strike
1-1: Ball
2-1: Fly out, F7 (Flyball, 7M)
Batting: RHB Gabriel Stout 0-0: Called Strike
0-1: Ball
1-1: Called Strike
1-2: SINGLE (Groundball, 4MD)
Edgardo Osorio to third
Alfredo López to second
Runner from 3rd tries for Home, SAFE, no throw or cutoff
Batting: RHB António Aguilar 0-0: Swinging Strike
0-1: Swinging Strike
0-2: Strikes out swinging
Top of the 4th over - 1 run(s), 2 hit(s), 0 error(s), 2 left on base; Bemidji 1 - Cincinnati 1
BOTTOM OF THE 4TH
Cincinnati Pride batting - Pitching for Bemidji Benders : LHP Alberto Martínez
Batting: RHB Peter Sexton 0-0: Called Strike
0-1: Swinging Strike
0-2: Foul Ball, location: 2F
0-2: Foul Ball, location: 2F
0-2: Strikes out swinging
Batting: RHB Jonas Uttley 0-0: Ball
1-0: Foul Ball, location: 2F
1-1: Fly out, F7 (Line Drive, 7LM)
Batting: RHB Alden Isenhood 0-0: Ball
1-0: Called Strike
1-1: Ball
2-1: Ground out 6-3 (Groundball, 6)
Bottom of the 4th over - 0 run(s), 0 hit(s), 0 error(s), 0 left on base; Bemidji 1 - Cincinnati 1
TOP OF THE 5TH
Bemidji Benders batting - Pitching for Cincinnati Pride : LHP Weston Harper
Batting: RHB Júlio Sánchez 0-0: Swinging Strike
0-1: Ball
1-1: Fly out, F5 (Popup, 25F)
Batting: RHB António López 0-0: Called Strike
0-1: Called Strike
0-2: Strikes out looking
Batting: RHB Juan Costello 0-0: Foul Ball, location: 2F
0-1: Called Strike
0-2: Strikes out swinging
Top of the 5th over - 0 run(s), 0 hit(s), 0 error(s), 0 left on base; Bemidji 1 - Cincinnati 1
BOTTOM OF THE 5TH
Cincinnati Pride batting - Pitching for Bemidji Benders : LHP Alberto Martínez
Batting: SHB Larry Peterson 0-0: Ball
1-0: Ball
2-0: Ball
3-0: Called Strike
3-1: Base on Balls
Batting: SHB Nick Marshall 0-0: Foul Ball, location: 2F
0-1: Ball
1-1: Foul Ball, location: 2F
1-2: Strikes out looking
Batting: LHB Ricardo Brandariz 0-0: Called Strike
0-1: Ball
1-1: Ball
Wild Pitch!
Larry Peterson to second
2-1: Foul Ball, location: 2F
2-2: Foul Ball, location: 2F
2-2: Strikes out swinging
Batting: RHB Fernando Díaz 0-0: Called Strike
0-1: Foul Ball, location: 2F
0-2: Foul Ball, location: 2F
0-2: Ground out 6-3 (Groundball, 6)
Bottom of the 5th over - 0 run(s), 0 hit(s), 0 error(s), 1 left on base; Bemidji 1 - Cincinnati 1
TOP OF THE 6TH
Bemidji Benders batting - Pitching for Cincinnati Pride : LHP Weston Harper
Pitching: LHP Joseph Byrne
Batting: SHB Edgardo Osorio 0-0: Foul Ball, location: 2F
0-1: Called Strike
0-2: Hit by Pitch
Batting: RHB Alfredo López 0-0: Foul Ball, location: 2F
0-1: Swinging Strike
0-2: Ball
1-2: Strikes out looking
Batting: RHB Claudio Souza 0-0: Ball
1-0: Ball
2-0: Fly out, F7 (Flyball, 78M)
Batting: RHB Roberto Solís 0-0: Ball
1-0: Swinging Strike
1-1: Ball
2-1: Ball
3-1: Foul Ball, location: 2F
3-2: Fly out, F8 (Flyball, 8RM)
Top of the 6th over - 0 run(s), 0 hit(s), 0 error(s), 1 left on base; Bemidji 1 - Cincinnati 1
BOTTOM OF THE 6TH
Cincinnati Pride batting - Pitching for Bemidji Benders : LHP Alberto Martínez
Pitching: RHP José Ramírez
Batting: LHB Robin Hill 0-0: Ball
1-0: Called Strike
1-1: Fly out, F7 (Flyball, 7M)
Batting: RHB Francisco Rincón 0-0: Ball
1-0: SINGLE (Line Drive, 34)
Batting: RHB Peter Sexton 0-0: Ball
1-0: Ball
2-0: Ball
3-0: Called Strike
3-1: Base on Balls
Francisco Rincón to second
Batting: RHB Jonas Uttley 0-0: Called Strike
0-1: Reached on error, E5 (Groundball, 5S)
Francisco Rincón to third
Peter Sexton to second
Batting: RHB Alden Isenhood 0-0: SINGLE (Line Drive, 56)
Francisco Rincón scores
Peter Sexton to third
Jonas Uttley to second
Batting: SHB Larry Peterson 0-0: Grounds into fielders choice 1-2 (Groundball, 13)
Jonas Uttley to third
Alden Isenhood to second
Batting: SHB Nick Marshall 0-0: Ball
1-0: SINGLE (Groundball, 34D)
Jonas Uttley scores
Alden Isenhood to third
Larry Peterson to second
Runner from 3rd tries for Home, SAFE, no throw or cutoff
Batting: LHB Ricardo Brandariz 0-0: Called Strike
0-1: Ball
1-1: Called Strike
1-2: Ball
2-2: Reached on error, E5 (Groundball, 5S)
Larry Peterson scores
Nick Marshall to third
Pitching: LHP José Escalona
Batting: RHB Fernando Díaz 0-0: Ball
1-0: Foul Ball, location: 2F
1-1: SINGLE (Groundball, 34D)
Nick Marshall scores
Ricardo Brandariz to third
Runner from 3rd tries for Home, SAFE, no throw or cutoff
Batting: LHB Robin Hill 0-0: Foul Ball, location: 2F
0-1: Swinging Strike
0-2: SINGLE (Groundball, 3D)
Fernando Díaz to second
Runner from 2nd tries for 3rd, SAFE, throw made to third
Batting: RHB Francisco Rincón 0-0: Fielders Choice at 2nd, U4 (Groundball, 4M)
Bottom of the 6th over - 6 run(s), 5 hit(s), 2 error(s), 2 left on base; Bemidji 1 - Cincinnati 7
TOP OF THE 7TH
Bemidji Benders batting - Pitching for Cincinnati Pride : LHP Joseph Byrne
Batting: RHB Gabriel Stout 0-0: Ground out 4-3 (Groundball, 13)
Batting: RHB António Aguilar 0-0: Called Strike
0-1: Ball
1-1: Ball
2-1: Ground out 5-3 (Groundball, 5S)
Batting: RHB Júlio Sánchez 0-0: Called Strike
0-1: Ball
1-1: SOLO HOME RUN (Flyball, 8RXD), Distance : 445 ft
Batting: RHB António López 0-0: SINGLE (Groundball, 6MD)
Batting: RHB Juan Costello 0-0: Called Strike
0-1: Ball
1-1: Ball
2-1: Ball
3-1: SINGLE (Line Drive, 6D)
António López to second
Batting: SHB Edgardo Osorio 0-0: Fly out, F8 (Flyball, 8RM)
Top of the 7th over - 1 run(s), 3 hit(s), 0 error(s), 2 left on base; Bemidji 2 - Cincinnati 7
BOTTOM OF THE 7TH
Cincinnati Pride batting - Pitching for Bemidji Benders : LHP José Escalona
Batting: RHB Peter Sexton 0-0: Ball
1-0: Ball
2-0: Foul Ball, location: 2F
2-1: Called Strike
2-2: Foul Ball, location: 2F
2-2: Strikes out looking
Batting: RHB Jonas Uttley 0-0: Called Strike
0-1: SINGLE (Flyball, 6MD)
Batting: RHB Alden Isenhood 0-0: Foul Ball, location: 2F
0-1: Foul Ball, location: 2F
0-2: Ball
1-2: Foul Ball, location: 2F
1-2: Strikes out swinging
Batting: SHB Larry Peterson 0-0: Called Strike
0-1: DOUBLE (Line Drive, 3L)
Jonas Uttley to third
Runner from 3rd tries for Home, SAFE, no throw or cutoff
Batting: SHB Nick Marshall 0-0: Foul Ball, location: 2F
0-1: Swinging Strike
0-2: Ball
1-2: Ball
2-2: Ball
3-2: Ground out 6-3 (Groundball, 6)
Bottom of the 7th over - 1 run(s), 2 hit(s), 0 error(s), 1 left on base; Bemidji 2 - Cincinnati 8
TOP OF THE 8TH
Bemidji Benders batting - Pitching for Cincinnati Pride : LHP Joseph Byrne
Pitching: LHP José Alaniz
Batting: RHB Alfredo López 0-0: Called Strike
0-1: Swinging Strike
0-2: Ball
1-2: Strikes out swinging
Batting: RHB Claudio Souza 0-0: DOUBLE (Line Drive, 89M)
Batting: RHB Roberto Solís 0-0: Called Strike
0-1: Called Strike
0-2: Strikes out looking
Batting: RHB Gabriel Stout 0-0: SINGLE (Groundball, 34) (infield hit)
Claudio Souza to third
Batting: RHB António Aguilar 0-0: Foul Ball, location: 2F
0-1: SINGLE (Line Drive, 89S)
Claudio Souza scores
Gabriel Stout to second
Batting: RHB Júlio Sánchez 0-0: Ball
1-0: Called Strike
1-1: Ball
Wild Pitch!
Gabriel Stout to third
António Aguilar to second
2-1: Foul Ball, location: 2F
2-2: Fly out, F7 (Flyball, 78S)
Top of the 8th over - 1 run(s), 3 hit(s), 0 error(s), 2 left on base; Bemidji 3 - Cincinnati 8
BOTTOM OF THE 8TH
Cincinnati Pride batting - Pitching for Bemidji Benders : LHP José Escalona
Batting: LHB Ricardo Brandariz 0-0: Ball
1-0: Swinging Strike
1-1: Ball
2-1: Ball
3-1: Fly out, F8 (Flyball, 8LS)
Batting: RHB Fernando Díaz 0-0: Called Strike
0-1: Ball
1-1: Ball
2-1: Fly out, F7 (Flyball, 7D)
Batting: LHB Robin Hill 0-0: Ball
1-0: Ball
2-0: Fly out, F3 (Popup, 3DF)
Bottom of the 8th over - 0 run(s), 0 hit(s), 0 error(s), 0 left on base; Bemidji 3 - Cincinnati 8
TOP OF THE 9TH
Bemidji Benders batting - Pitching for Cincinnati Pride : LHP José Alaniz
Batting: RHB António López 0-0: Ball
1-0: Foul Ball, location: 2F
1-1: Foul Ball, location: 2F
1-2: Ball
2-2: Strikes out swinging
Batting: RHB Juan Costello 0-0: Ball
1-0: SINGLE (Groundball, 56D)
Batting: SHB Edgardo Osorio 0-0: Called Strike
0-1: Ball
1-1: SINGLE (Groundball, 56)
Juan Costello to second
Batting: RHB Alfredo López 0-0: Swinging Strike
0-1: Called Strike
0-2: Ball
1-2: Ball
2-2: Foul Ball, location: 2F
2-2: Strikes out swinging
Batting: RHB Claudio Souza 0-0: Swinging Strike
0-1: Ball
1-1: Called Strike
1-2: Ball
2-2: Strikes out looking
Top of the 9th over - 0 run(s), 2 hit(s), 0 error(s), 2 left on base; Bemidji 3 - Cincinnati 8
This league is powered by Out of the Park Baseball, the baseball management simulation game for PC, Mac and Linux
Wednesday, December 2nd, 2015 - OOTP Baseball 16.8 Build 38